 Dungeon Crawl Stone Soup version 0.30-a0-586-g23e55c9e0a (webtiles) character file.

Game seed: 15555434455502047591

3642 Bnni the Jinx (level 10, -8/74 HPs)
             Began as a Formicid Hexslinger on Jan 3, 2023.
             Was a Follower of Okawaru.
             Engulfed by a cloud of flame (22 damage)
             ... on level 9 of the Dungeon.
             The game lasted 00:22:28 (9121 turns).

Bnni the Jinx (Formicid Hexslinger)                 Turns: 9121, Time: 00:22:29

Health: -8/74      AC:  8    Str: 16    XL:     10   Next: 33%
Magic:  16/17      EV: 11    Int: 14    God:    Okawaru [*.....]
Gold:   18         SH:  5    Dex: 16    Spells: 5/19 levels left

rFire   . . .      SeeInvis +    a - +0 longbow (flame)
rCold   . . .      Faith    .    h - +0 buckler
rNeg    . . .      Spirit   .    J - +3 leather armour "Yloda" {Harm Slay+3}
rPois   .          Reflect  .    (helmet unavailable)
rElec   .          Harm     +    m - +0 cloak
rCorr   +          Rampage  .    v - +0 pair of gloves
Will    +....                    (no boots)
Stlth   +                        N - amulet of magic regeneration
HPRegen 0.32/turn                x - ring of resist corrosion
MPRegen 0.55/turn                (no ring)

@: no status effects
A: permanent stasis, dig shafts and tunnels, antennae 3, four strong arms
a: Dig, Shaft Self, Renounce Religion, Heroism


You were on level 9 of the Dungeon.
You worshipped Okawaru.
Okawaru was aware of your devotion.
You visited 2 branches of the dungeon, and saw 10 of its levels.
You also visited: Sewer.

You collected 455 gold pieces.
You spent 437 gold pieces at shops.

Inventory:

Hand Weapons
 a - a +0 longbow of flaming (weapon)
 G - a +2 dagger of electrocution
Missiles
 c - 6 curare-tipped darts
 n - 2 throwing nets
 A - 14 poisoned darts
Armour
 h - a +0 buckler (worn)
 m - a +0 cloak (worn)
 t - the +0 pair of gloves "Lonubu Rots" {rF- rC+++ Int+2 SInv}
   (You found it on level 4 of the Dungeon)

   Int:       It affects your intelligence (+2).
   rF:        It makes you vulnerable to fire.
   rC:        It renders you almost immune to cold.
   SInv:      It lets you see invisible.
 v - a +0 pair of gloves (worn)
 J - the +3 leather armour "Yloda" (worn) {Harm Slay+3}
   (You found it on level 2 of the Dungeon)

   Slay:      It affects your accuracy & damage with ranged weapons and melee
   (+3).
   Harm:      It increases damage dealt and taken.
Jewellery
 x - a ring of resist corrosion (left hand)
 N - an amulet of magic regeneration (around neck)
 O - a ring of protection from cold
Wands
 u - a wand of flame (20)
 z - a wand of acid (4)
Scrolls
 b - a scroll of poison
 e - a scroll of torment {unknown}
 f - 3 scrolls of magic mapping
 i - 2 scrolls of amnesia {unknown}
 j - 4 scrolls of fear
 k - 2 scrolls of silence
 s - a scroll of blinking {unknown}
 w - 2 scrolls of butterflies {unknown}
 y - 2 scrolls of vulnerability {unknown}
 C - 2 scrolls of immolation {unknown}
 D - a scroll of noise {unknown}
 H - a scroll of enchant armour {unknown}
 M - a scroll of fog {unknown}
Potions
 d - 3 potions of curing
 g - 2 potions of haste {unknown}
 l - 2 potions of brilliance
 q - 3 potions of resistance
 r - 2 potions of might {unknown}
 B - a potion of lignification
 E - a potion of attraction {unknown}
 F - a potion of magic {unknown}
 I - 2 potions of flight {unknown}
 K - a potion of heal wounds {unknown}
 L - a potion of ambrosia


   Skills:
 + Level 5.2 Fighting
 * Level 7.5 Ranged Weapons
 + Level 3.0 Armour
 - Level 1.7 Dodging
 * Level 3.9 Shields
 + Level 5.0 Spellcasting
 * Level 9.1 Hexes
 * Level 4.0 Translocations
 - Level 3.0 Fire Magic


You had 5 spell levels left.
You knew the following spells:

 Your Spells              Type           Power      Damage    Failure   Level
a - Slow                  Hex            100%       N/A       1%          1
b - Inner Flame           Hex/Fire       20%        N/A       6%          3
c - Portal Projectile     Hex/Tloc       44%        N/A       4%          3
d - Cause Fear            Hex            14%        N/A       6%          4
t - Tukima's Dance        Hex            29%        N/A       1%          3

Your spell library contained the following spells:

 Spells                   Type           Power      Damage    Failure   Level
 Apportation              Tloc           28%        N/A       4%          1
 Necrotise                Necr           12%        1d4       26%         1
 Kindle Blastsparks       Fire/Tloc/Air  20%        2d11      28%         3
 Vhi's Electric Charge    Tloc/Air       18%        N/A       32%         3
 Cigotuvi's Dreadful Rot  Necr/Pois/Air  6%         N/A       36%         2
 Anguish                  Hex/Necr       8%         N/A       36%         4
 Fulminant Prism          Conj/Hex       8%         3d7       36%         4
 Passage of Golubria      Tloc           14%        N/A       43%         4
 Frozen Ramparts          Ice            6%         1d1       58%         3
 Iskenderun's Mystic Bla  Conj/Tloc      9%         2d4       73%         4
 Yara's Violent Unravell  Hex/Tmut       8%         3d5       73%         5
 Dispel Undead            Necr           3%         3d7       94%         4
 Ice Form                 Ice/Tmut       3%         N/A       94%         4
 Arcjolt                  Conj/Air       1%         1d11      100%        5
 Lee's Rapid Deconstruct  Erth           1%         3d4*      100%        5
 Enfeeble                 Hex            14%        N/A       99%         7
 Discord                  Hex            14%        N/A       100%        8
 Maxwell's Capacitive Co  Air            1%         ∞         100%        8
 Summon Small Mammal      Summ           Unusable   N/A       N/A         1
 Animate Dead             Necr           Unusable   N/A       N/A         4
 Summon Ice Beast         Ice/Summ       Unusable   N/A       N/A         4
 Death Channel            Necr           Unusable   N/A       N/A         6
 Haunt                    Necr/Summ      Unusable   N/A       N/A         7
 Infestation              Necr           Unusable   N/A       N/A         8

Dungeon Overview and Level Annotations

Branches:
Dungeon (9/15)             Temple (1/1) D:7           Sewer (visited)
   Lair: D:8-11         Orc: D:9-12

Altars:
Ashenzari
Cheibriados
Dithmenos
Elyvilon
Fedhas
Gozag
Hepliaklqana
Kikubaaqudgha
Makhleb
Nemelex Xobeh
Okawaru
Qazlal
Ru
Trog
Uskayaw
Vehumet
Wu Jian
Xom
Yredelemnul
Zin
The Shining One

Shops:
D:5 *   D:9 [

Annotations:
D:8 2 transporters, Smoky173's ghost, novice DsMo


Innate Abilities, Weirdness & Mutations

You cannot be hasted, slowed, berserked, paralysed or teleported.
You can dig through walls and to a lower floor.
You have a pair of large antennae on your head. (SInv)
Your four strong arms can wield two-handed weapons with a shield.


Message History

Your Armour skill increases to level 3!
Your Spellcasting skill increases to level 5!
You shoot an arrow. The arrow hits the yak!
The arrow burns the yak.
The yak is moderately wounded.
A yak comes into view.
Casting: Slow (safe; 1% risk of failure)
Confirm with . or Enter, or press ? or * to list all spells.
Aiming: Inner Flame (dangerous; 6% risk of failure)
Press: ? - help, Dir - move target, f - kobold, p - yak
Aim: a kobold, wielding a +0 whip and quivering stones (chance to affect: 87%)
The kobold is filled with an inner flame.
Fire: a) +0 longbow (flame)
Press: ? - help, Shift-Dir - straight line, f/p - kobold
Aim: a kobold, wielding a +0 whip and quivering stones (inner flame, 60% to hit)
You shoot an arrow. The arrow completely misses the kobold.
The kobold throws a stone.
The stone closely misses you.
A kobold comes into view. It is wielding a +0 dagger.
Fire: a) +0 longbow (flame)
Press: ? - help, Shift-Dir - straight line, f/p - kobold
Aim: a kobold, wielding a +0 whip and quivering stones (inner flame, 60% to hit)
You shoot an arrow.
The arrow hits the kobold but does no damage.
A kobold comes into view. It is wielding a +0 club.
A yak comes into view. x2
The yak closely misses you.
Fire: a) +0 longbow (flame)
Press: ? - help, Shift-Dir - straight line, f/p - kobold
Aim: a kobold, wielding a +0 whip and quivering stones (inner flame, 60% to hit)
You shoot an arrow. The yak bellows!
The arrow hits the kobold.
The arrow burns the kobold.
The kobold explodes!
The fiery explosion engulfs you!!!
Ouch! That really hurt!
* * * LOW HITPOINT WARNING * * *
The fiery explosion engulfs the yak!!
You kill the yak!
Okawaru accepts your kill.
You are engulfed in blazing flames.
You die...

##### ##...## .
#.....# .. ###..##.#
... #.......# ....
#....†#####
.....###.....#..#
.....§§#........#
.)...§§@........#
#....§§##.....####
#....Y...........##
...oY.........#...###
.YK...........##....#
.Y.##.#.......#.....##


)K> #####............# .. ##.#..#.)....### #.#.#####.....#.. You could see 4
yaks, an orc and 2 kobolds.

Vanquished Creatures
  Maggie (D:6)
  A troll (D:6)
  A vampire (D:9)
  A yak (D:9)
  A steam dragon (D:9)
  Menkaure (D:7)
  2 water moccasins (D:7)
  Pargi (Sewer)
  A sky beast (D:5)
  2 black bears
  2 ice beasts
  An ogre (D:4)
  3 kobold brigands
  2 phantoms
  4 bullfrogs
  5 killer bees (D:8)
  5 howler monkeys
  3 hounds
  2 orc priests
  2 jellies
  Crazy Yiuf (D:2)
  6 orc wizards
  Natasha (thrice) (D:4)
  4 iguanas
  8 adders
  4 gnolls (D:5)
  A shadow imp (D:8)
  An ufetubus (D:6)
  2 worms
  4 dart slugs
  17 orcs
  6 endoplasms
  3 giant cockroaches
  10 goblins
  13 hobgoblins
  6 jackals (D:4)
  24 kobolds
  4 quokkas
  6 ball pythons
  10 bats
  4 frilled lizards
  12 rats
190 creatures vanquished.

Vanquished Creatures (collateral kills)
  An ogre (D:5)
1 creature vanquished.

Grand Total: 191 creatures vanquished

Notes
Turn   | Place    | Note
-------+----------+-------------------------------------------
     0 | D:1      | Bnni the Formicid Hexslinger began the quest for the Orb.
     0 | D:1      | Reached XP level 1. HP: 15/15 MP: 2/2
   194 | D:1      | Reached XP level 2. HP: 17/21 MP: 3/3
   488 | D:1      | Reached skill level 4 in Hexes
   488 | D:1      | Reached skill level 1 in Fire Magic
   491 | D:1      | Reached XP level 3. HP: 5/26 MP: 1/4
   502 | D:1      | Learned a level 3 spell: Inner Flame
  1240 | D:2      | Found a glowing silver altar of Zin.
  1256 | D:2      | Reached XP level 4. HP: 30/32 MP: 6/6
  1269 | D:2      | Identified the +3 leather armour "Yloda" {Harm Slay+3}
  1683 | D:2      | Found a runed translucent door.
  1684 | D:2      | Noticed Crazy Yiuf
  1877 | D:2      | Killed Crazy Yiuf
  2076 | D:3      | Reached XP level 5. HP: 34/38 MP: 7/7
  2198 | D:3      | Found a faded altar of an unknown god.
  2202 | D:3      | Found a glowing silver altar of Zin.
  2365 | D:3      | You fall into a shaft and drop 2 floors!
  2365 | D:5      | Entered Level 5 of the Dungeon
  2379 | D:5      | Noticed an ogre
  2387 | D:4      | Noticed an ogre
  2439 | D:4      | Killed an ogre
  2440 | D:4      | Reached XP level 6. HP: 26/44 MP: 1/9
  2457 | D:4      | Reached skill level 5 in Hexes
  2539 | D:4      | Learned a level 4 spell: Cause Fear
  2545 | D:4      | Found a hazy altar of Hepliaklqana.
  2726 | D:4      | HP: 1/45 [iguana (13)]
  3319 | D:4      | Noticed Natasha
  3330 | D:4      | Killed Natasha
  3416 | D:4      | Identified the +0 pair of gloves "Lonubu Rots" {rF- rC+++
                  | Int+2 SInv}
  3584 | D:4      | Noticed Natasha
  3599 | D:4      | Killed Natasha
  3622 | D:4      | Noticed Natasha
  3626 | D:4      | Killed Natasha
  3627 | D:4      | Reached XP level 7. HP: 25/51 MP: 4/10
  4110 | D:5      | Reached skill level 6 in Hexes
  4447 | D:5      | Learned a level 3 spell: Tukima's Dance
  4528 | D:5      | Reached skill level 5 in Ranged Weapons
  4528 | D:5      | Reached XP level 8. HP: 30/58 MP: 5/12
  4644 | D:5      | Found Madoxy's Merry Market.
  4939 | D:6      | Noticed a troll
  4955 | D:6      | Killed a troll
  4956 | D:6      | Reached skill level 1 in Translocations
  5153 | D:6      | Reached skill level 7 in Hexes
  5362 | D:6      | Found a sacrificial altar of Ru.
  5393 | D:6      | Noticed Maggie
  5413 | D:6      | Killed Maggie
  5414 | D:6      | Reached XP level 9. HP: 18/66 MP: 1/15
  5493 | D:6      | Found a glowing drain.
  5502 | Sewer    | Entered a sewer
  5568 | Sewer    | Noticed Pargi
  5582 | Sewer    | Killed Pargi
  5898 | D:6      | Found an opulent altar of Gozag.
  5903 | D:6      | Reached skill level 8 in Hexes
  6154 | D:3      | Found a faded altar of an unknown god.
  6849 | D:7      | Noticed Menkaure
  6894 | D:7      | Killed Menkaure
  6895 | D:7      | Reached skill level 1 in Armour
  7174 | D:7      | Learned a level 3 spell: Portal Projectile
  7365 | D:7      | Found a staircase to the Ecumenical Temple.
  7378 | Temple   | Entered the Ecumenical Temple
  7387 | Temple   | Became a worshipper of Warmaster Okawaru
  7411 | D:7      | Reached skill level 1 in Shields
  7820 | D:7      | Found a stormy altar of Qazlal.
  7820 | D:7      | Found a shadowy altar of Dithmenos.
  8401 | D:8      | Reached XP level 10. HP: 73/73 MP: 16/16
  8431 | D:8      | Reached * piety under Okawaru
  8432 | D:8      | Reached skill level 5 in Fighting
  8589 | D:5      | Bought a book of Maledictions for 312 gold pieces
  8697 | D:8      | Found a transporter.
  8700 | D:8      | Noticed a moth of wrath
  8707 | D:8      | Noticed Smoky173's ghost (novice DsMo)
  8714 | D:8      | Found a transporter.
  8903 | D:9      | Found Zuytt's Antique Armour Shop.
  8943 | D:9      | Reached skill level 9 in Hexes
  9003 | D:9      | Bought an embroidered robe for 125 gold pieces
  9117 | D:9      | Reached skill level 5 in Spellcasting
  9121 | D:9      | Engulfed by a cloud of flame

Illustrated notes

Levels and vault maps discovered:
D:1:      evilmike_arrival_fibonacci_small, layout_basic, minmay_heptomino_w4
D:2:      layout_loops_ring, basic_altar, uniq_crazy_yiuf_cottage
D:3:      layout_loops_ring, nicolae_overflow_ecumenical_swirl,
          hellmonk_ecumenical_altar_lost_god, hangedman_decor_push
D:4:      minmay_wonky_spiral, layout_rooms, mainiacjoe_overflow_cross_hatched,
          uniq_natasha
D:5:      layout_loops_ring, serial_glass, glass_columns_b, glass_columns_b,
          due_unseen_surprise, nicolae_alphabet_shops
D:6:      layout_basic, nicolae_ru_path_of_blood, lemuel_doored_altar,
          portal_sewer_entry_a, uniq_maggie
D:7:      layout_basic, gammafunk_temple_overflow_statue,
          minmay_temple_entry_drinking_statues, uniq_menkaure
D:8:      layout_rooms, gammafunk_ghost_berserking_beasts
D:9:      layout_cave_pools, serial_shops, nicolae_shop_hallway_stairs
Temple:   nicolae_temple_no_exploring_needed

Skill      XL: |  1  2  3  4  5  6  7  8  9 10 |
---------------+-------------------------------+-----
Hexes          | 4 5 6 7 8 9 |  9.1
Fire Magic     | 1 2 3 |  3.0
Ranged Weapons | 3 5 6 7 |  7.5
Fighting       | 2 3 4 5 |  5.2
Spellcasting   | 2 3 4 5 |  5.0
Translocations | 2 3 4 |  4.0
Armour         | 2 3 |  3.0
Shields        | 2 3 |  3.9
Dodging        | |  1.7

Action                   |  1- 3 |  4- 6 |  7- 9 | 10-12 || total
-------------------------+-------+-------+-------+-------++-------
 Fire: Sling             |   107 |   192 |    79 |       ||   378
       Longbow           |       |       |   199 |    69 ||   268
Throw: Dart              |       |       |     2 |       ||     2
 Cast: Slow              |     2 |    15 |    25 |     1 ||    43
       Inner Flame       |       |     9 |    14 |     4 ||    27
       Tukima's Dance    |       |       |     4 |       ||     4
       Cause Fear        |       |       |     5 |       ||     5
       Portal Projectile |       |       |       |     2 ||     2
 Abil: Dig               |       |     1 |     1 |     1 ||     3
Evoke: Wand              |       |     1 |       |       ||     1
  Use: Scroll            |       |     5 |     5 |     2 ||    12
       Potion            |       |     2 |     1 |     1 ||     4
Armor: Robe              |    16 |    20 |    40 |       ||    76
       Leather armour    |       |       |    28 |    17 ||    45
Dodge: Dodged            |    37 |    86 |   124 |    19 ||   266
Block: Buckler           |       |       |    20 |     7 ||    27

Table legend: (Time is in decaauts)
 A = Elapsed time spent in this place.
 B = Non-inter-level travel time spent in this place.
 C = Inter-level travel time spent in this place.
 D = Time resting spent in this place.
 E = Time spent auto-exploring this place.
 F = Levels seen in this place.
 G = Mean time per level.
                   A        B        C        D        E       F      G
               +--------+--------+--------+--------+--------+-----+--------+
         Total |   9324 |   8782 |    542 |   1021 |   6035 |  11 |  847.6 |
       Dungeon |   8789 |   8255 |    534 |    782 |   5830 |   9 |  976.6 |
        Temple |    197 |    189 |      8 |    176 |      0 |   1 |  197.0 |
         Sewer |    337 |    337 |      0 |     63 |    205 |   1 |  337.0 |
               +--------+--------+--------+--------+--------+-----+--------+

Top non-repeatable levels by time:
     D:5: 1251 daAuts
     D:7: 1240 daAuts
     D:3: 1207 daAuts
     D:4: 1191 daAuts
     D:1: 1145 daAuts
     D:2: 954 daAuts
     D:6: 948 daAuts
     D:8: 616 daAuts
   Sewer: 337 daAuts
     D:9: 234 daAuts
  Temple: 197 daAuts
